 Dungeon Crawl Stone Soup version 0.30.1-4-g462c640d31 (webtiles) character file.

Game seed: 14428433415541247311

293 Luigithegreat456 the Conjurer (level 6, -1/48 HPs)
             Began as a Draconian Conjurer on Aug 12, 2023.
             Succumbed to a gnoll's poison
             ... on level 4 of the Dungeon.
             The game lasted 00:37:42 (3622 turns).

Luigithegreat456 the Conjurer (Draconian Conjurer)  Turns: 3622, Time: 00:37:43

Health: -1/48      AC: 12    Str: 11    XL:     6   Next: 11%
Magic:  1/9        EV: 12    Int: 18    God:
Gold:   38         SH:  5    Dex: 10    Spells: 3/9 levels left

rFire   . . .        i - +2 dagger (venom)
rCold   . . .        (no shield)
rNeg    . . .        (body armour unavailable)
rPois   .            (helmet restricted)
rElec   .            (no cloak)
rCorr   +            m - +0 pair of gloves
SInv    .            e - +0 pair of boots
Will    .....        n - amulet of reflection
Stlth   ++           d - ring of resist corrosion
HPRegen 0.28/turn    o - +4 ring of protection
MPRegen 0.11/turn

%: reflection
@: lethally poisoned (-1 -> -14)
A: AC +6, unfitting armour, cold-blooded
a: no special abilities


You were on level 4 of the Dungeon.
You visited 1 branch of the dungeon, and saw 4 of its levels.

You collected 98 gold pieces.
You spent 60 gold pieces at shops.

Inventory:

Hand Weapons
 c - a +0 short sword
 i - a +2 dagger of venom (weapon)
Missiles
 b - 25 stones
Armour
 e - a +0 pair of boots (worn)
 f - a +0 ring mail
 j - a +0 robe
 m - a +0 pair of gloves (worn)
Jewellery
 d - a ring of resist corrosion (left hand)
 n - an amulet of reflection (around neck)
 o - a +4 ring of protection (right hand)
Wands
 h - a wand of polymorph (10)
Scrolls
 k - 7 scrolls of identify
Potions
 a - a potion of magic
 g - a potion of might
 l - 2 potions of brilliance
 p - a potion of lignification


   Skills:
 * Level 2.3 Fighting
 * Level 3.0 Short Blades
 + Level 2.5 Dodging
 - Level 1.9 Stealth
 * Level 1.7 Unarmed Combat
 + Level 2.3 Spellcasting
 * Level 5.0 Conjurations


You had 3 spell levels left.
You knew the following spells:

 Your Spells              Type           Power      Damage    Failure   Level
a - Magic Dart            Conj           80%        1d7       2%          1
b - Searing Ray           Conj           40%        2d5       3%          2
c - Vhi's Electric Charg  Tloc/Air       4%         N/A       45%         3

Your spell library contained the following spells:

 Spells                   Type           Power      Damage    Failure   Level
 Dazzling Flash           Conj/Hex       22%        N/A       19%         3
 Stone Arrow              Conj/Erth      22%        3d8       19%         3
 Fulminant Prism          Conj/Hex       5%         3d6       52%         4
 Iskenderun's Mystic Bla  Conj/Tloc      11%        2d4       52%         4
 Arcjolt                  Conj/Air       5%         1d15      86%         5
 Plasma Beam              Fire/Air       1%         2x1d12    100%        6
 Lehudib's Crystal Spear  Conj/Erth      5%         10d3      100%        8
 Animate Armour           Summ/Erth      Unusable   N/A       N/A         4

Dungeon Overview and Level Annotations

Branches:
Dungeon (4/15)
 Temple: D:4-7

Altars:

Shops:
D:4 !


Innate Abilities, Weirdness & Mutations

Your plain brown scales are hard. (AC +6)
You cannot fit into any form of body armour.
You are cold-blooded and may be slowed by cold attacks.


Message History

The gnoll hits you from afar with a +2 spear of venom.
The gnoll bouda prays to its god.
The gnoll bouda is healed somewhat.
The gnoll closely misses you.
You feel better.
The gnoll hits you from afar with a +0 halberd.
The gnoll barely misses you.
The gnoll bouda barks out a call to the hunt!
The gnoll picks up the pace!
The gnoll hits you with a +0 spear.
* * * LOW HITPOINT WARNING * * *
Casting: Searing Ray (safe; 3% risk of failure)
Confirm with . or Enter, or press ? or * to list all spells.
Aiming: Searing Ray (safe; 3% risk of failure)
Press: ? - help, Shift-Dir - straight line, f - gnoll, p - gnoll
Aim: a gnoll, wielding a +2 spear of venom (covering ground quickly, 81% to hit)
The searing ray hits the gnoll but does no damage. (Press . to maintain the ray.)
You kill the gnoll bouda!
The gnoll barely misses you. The gnoll misses you.
The gnoll hits you but does no damage.
Your Short Blades skill increases to level 3!
You have reached level 6!
Your scales feel tougher.
You block the gnoll's attack. The gnoll closely misses you.
The gnoll misses you.
Items here: )) [ ††.
You hit the gnoll but do no damage.
The gnoll is poisoned.
The gnoll is lightly wounded.
The gnoll barely misses you. x2
You completely miss the gnoll.
The gnoll is lightly wounded.
Your attacks no longer feel as feeble.
The gnoll hits you with a +0 spear.
* * * LOW HITPOINT WARNING * * *
The gnoll hits you from afar with a +2 spear of venom.
* * * LOW HITPOINT WARNING * * *
You are lethally poisoned!
The gnoll hits you from afar with a +0 halberd!
* * * LOW HITPOINT WARNING * * *
You die...

#....# #..##.<.##....).......
###.>.####.#.........).).......
#...).##..∩..#.....gg........##
##..#....#.#.....#####)).....#.
##.#..............# #.).....#.
####........#..### ##)..##...
#.....##....gg# #....#?.#
###.###....g.## ##...#### ###
##..@).# $...# #..#### ##...#
#### ##.## ###


You could see 3 gnolls.

Vanquished Creatures
  A gnoll bouda (D:4)
  Natasha (thrice) (D:2)
  2 orc wizards (D:4)
  Robin (D:4)
  2 adders
  2 gnolls
  7 orcs
  3 bats
  3 endoplasms
  3 giant cockroaches
  15 goblins
  7 hobgoblins
  3 jackals (D:3)
  13 kobolds
  2 quokkas (D:1)
  7 ball pythons
  4 frilled lizards
  5 rats
83 creatures vanquished.

Notes
Turn   | Place    | Note
-------+----------+-------------------------------------------
     0 | D:1      | Luigithegreat456 the Draconian Conjurer began the quest for
                  | the Orb.
     0 | D:1      | Reached XP level 1. HP: 14/14 MP: 3/3
   275 | D:1      | Reached XP level 2. HP: 18/20 MP: 5/5
   560 | D:1      | Reached XP level 3. HP: 26/26 MP: 6/6
   610 | D:1      | Learned a level 2 spell: Searing Ray
   614 | D:1      | Learned a level 3 spell: Vhi's Electric Charge
  2010 | D:2      | Noticed Natasha
  2014 | D:2      | Killed Natasha
  2015 | D:2      | Reached skill level 1 in Fighting
  2015 | D:2      | Reached skill level 1 in Short Blades
  2015 | D:2      | Reached XP level 4. HP: 35/35 MP: 2/7
  2544 | D:2      | Noticed Natasha
  2553 | D:2      | Killed Natasha
  2565 | D:2      | Noticed Natasha
  2581 | D:2      | Killed Natasha
  2582 | D:2      | Reached skill level 1 in Unarmed Combat
  2855 | D:3      | Reached XP level 5. HP: 40/40 MP: 6/8
  3435 | D:4      | Found Tauj's Distillery.
  3448 | D:4      | Bought a potion of heal wounds for 60 gold pieces
  3484 | D:4      | Noticed Robin
  3562 | D:4      | Reached skill level 5 in Conjurations
  3567 | D:4      | Killed Robin
  3619 | D:4      | Reached XP level 6. HP: 15/48 MP: 0/9
  3621 | D:4      | HP: 1/48 [gnoll/+0 halberd[a gnoll bouda] (8)]
  3622 | D:4      | Succumbed to a gnoll's poison

Illustrated notes

Levels and vault maps discovered:
D:1:      erik_arrival_orb_chamber, layout_basic
D:2:      layout_basic, chequers_big_river, kennysheep_generic_room_7,
          uniq_natasha
D:3:      layout_basic, chequers_serial_rivers_marsh
D:4:      layout_cave_pools, grunt_temple_overflow_open, serial_shops,
          nicolae_shop_crystal, minmay_manual_maat, uniq_robin,
          uniq_crazy_yiuf_cottage

Skill      XL: |  1  2  3  4  5 |
---------------+----------------+-----
Dodging        | 2 |  2.5
Fighting       | 1 2 |  2.3
Short Blades   | 1 2 3 |  3.0
Unarmed Combat | 1 |  1.7
Conjurations   | 5 |  5.0
Stealth        | |  1.9
Spellcasting   | |  2.3

Action                     |  1- 3 |  4- 6 || total
---------------------------+-------+-------++-------
  Melee: Short sword       |   127 |       ||   127
         Unarmed           |    13 |       ||    13
         Tailslap          |     9 |     8 ||    17
         Punch             |     1 |     2 ||     3
         Dagger            |     4 |    88 ||    92
   Cast: Magic Dart        |    26 |    28 ||    54
         Searing Ray       |     3 |    14 ||    17
    Use: Potion            |     5 |     4 ||     9
         Scroll            |     3 |     3 ||     6
 Armour: Skin              |    44 |    67 ||   111
  Dodge: Dodged            |   104 |    87 ||   191
  Block: Other             |       |    31 ||    31
         Reflection        |       |     1 ||     1
